 Dungeon Crawl Stone Soup version 0.28.0-53-g5a82cb258f (webtiles) character file.

Game seed: 10489845389179152684

134 MisterFreud the Covert (level 5, -1/41 (47) HPs)
             Began as a Gnoll Delver on July 26, 2022.
             Slain by an orc wizard
             ... wielding a +1 dagger of draining
              (2 damage)
             ... on level 6 of the Dungeon.
             The game lasted 00:01:17 (596 turns).

MisterFreud the Covert (Gnoll Delver)                Turns: 596, Time: 00:01:17

HP:   -1/41 (47)    AC:  3    Str: 11    XL:     5   Next: 17%
MP:   6/7           EV: 13    Int: 12    God:
Gold: 26            SH:  0    Dex: 13    Spells: 6/6 levels left

rFire   . . .      SeeInvis .   a - +0 short sword
rCold   . . .      Faith    .   (no shield)
rNeg    . . .      Spirit   .   b - +0 leather armour
rPois   .          Reflect  .   (no helmet)
rElec   .          Harm     .   (no cloak)
rCorr   .          Rampage  .   (no gloves)
Will    .....                   (no boots)
Stlth   ++++......              (no amulet)
HPRegen 0.13/turn               (no ring)
MPRegen 0.10/turn               (no ring)

@: hasted, heavily drained, very quick
A: fangs 1, strong nose, distributed training
a: no special abilities


You were on level 6 of the Dungeon.
You visited 1 branch of the dungeon, and saw 2 of its levels.

You collected 26 gold pieces.

Inventory:

Hand Weapons
 a - a +0 short sword (weapon)
Armour
 b - a +0 leather armour (worn)
Wands
 g - a wand of digging (3)
Scrolls
 c - a scroll of fog
 d - a scroll of magic mapping
 h - a scroll of amnesia {unknown}


   Skills:
 + Level 6.6 Fighting
 + Level 4.7 Short Blades
 + Level 1.4 Long Blades
 + Level 1.4 Axes
 + Level 1.4 Maces & Flails
 + Level 1.4 Polearms
 + Level 1.4 Staves
 + Level 1.4 Slings
 + Level 1.4 Bows
 + Level 1.4 Crossbows
 + Level 1.4 Throwing
 + Level 1.4 Armour
 + Level 4.7 Dodging
 + Level 9.6 Stealth
 + Level 1.4 Shields
 + Level 1.4 Unarmed Combat
 + Level 1.4 Spellcasting
 + Level 1.1 Conjurations
 + Level 1.1 Hexes
 + Level 1.1 Summonings
 + Level 1.1 Necromancy
 + Level 1.1 Translocations
 + Level 1.1 Transmutations
 + Level 1.1 Fire Magic
 + Level 1.1 Ice Magic
 + Level 1.1 Air Magic
 + Level 1.1 Earth Magic
 + Level 1.1 Poison Magic
 + Level 1.5 Invocations
 + Level 1.4 Evocations


You had 6 spell levels left.
You didn't know any spells.
Your spell library was empty.

Dungeon Overview and Level Annotations

Branches:
Dungeon (6/15)
 Temple: D:4-7

Altars:


Innate Abilities, Weirdness & Mutations

You have very sharp teeth.
Your uncanny sense of smell can sniff out nearby items.
Your experience applies equally to all skills.


Message History

You hit the orc wizard.
You kill the orc wizard!
You have reached level 5!
Unknown command.
An orc priest comes into view. It is wielding a +0 hand axe.
A gnoll comes into view.
It is wielding a +0 club. 2 gnolls come into view.
The gnoll shouts!
You hear a shout! x2
The gnoll shouts!
You hear a shout!
Something hits you.
* * * LOW HITPOINT WARNING * * *
You feel drained.
You miss something. Your bite misses something. Something hits you.
* * * LOW HITPOINT WARNING * * *
You feel drained.
You closely miss something. You miss something. Something hits you.
* * * LOW HITPOINT WARNING * * *
You feel drained.
* * * LOW HITPOINT WARNING * * *
You miss something. You hit something. You bite something. Something hits you.
* * * LOW HITPOINT WARNING * * *
You feel drained.
A gnoll shaman comes into view. It is wielding a +0 club.
You aren't carrying any potions.
As you read the scroll of fear, it crumbles to dust.
You assume a fearsome visage.
The orc looks frightened!
The gnoll shaman looks frightened!
The gnoll shaman shouts!
The gnoll looks frightened! x2
The orc barely misses you.
Cornered, the gnoll turns to fight!
You hit something but do no damage. Your bite misses something.
Something hits you.
* * * LOW HITPOINT WARNING * * *
You feel drained.
You closely miss something. The orc barely misses you.
Something barely misses you.
Cornered, the gnoll turns to fight!
The orc hits you but does no damage. Something hits you.
You die...

#+# #.# #.# ##.##
##...## #.....#####
#g##########{..o.....
#g.ggg.......@.#
############o..###.#
#.......# ##..#####
#..# #..#######.#
#########
#....oo....#
........#
#.######o.##
.######.##### #.# #


You could see 2 orcs.

Vanquished Creatures
  A howler monkey (D:6)
  A bullfrog skeleton (D:6)
  An iguana (D:5)
  An orc wizard (D:6)
  A hound skeleton (D:5)
  2 orcs (D:5)
7 creatures vanquished.

Notes
Turn   | Place    | Note
-------+----------+-------------------------------------------
     0 | D:5      | Reached skill level 9 in Stealth
     0 | D:5      | MisterFreud the Gnoll Delver began the quest for the Orb.
     0 | D:5      | Reached XP level 1. HP: 23/23 MP: 1/1
    28 | D:6      | Noticed a howler monkey
    42 | D:6      | Killed a howler monkey
    43 | D:6      | Reached skill level 1 in Invocations
    43 | D:6      | Reached XP level 2. HP: 13/29 MP: 1/3
    43 | D:6      | Reached XP level 3. HP: 16/35 MP: 1/4
    65 | D:5      | Reached skill level 1 in Long Blades
    65 | D:5      | Reached skill level 1 in Axes
    65 | D:5      | Reached skill level 1 in Maces & Flails
    65 | D:5      | Reached skill level 1 in Polearms
    65 | D:5      | Reached skill level 1 in Staves
    65 | D:5      | Reached skill level 1 in Slings
    65 | D:5      | Reached skill level 1 in Bows
    65 | D:5      | Reached skill level 1 in Crossbows
    65 | D:5      | Reached skill level 1 in Throwing
    65 | D:5      | Reached skill level 1 in Armour
    65 | D:5      | Reached skill level 1 in Shields
    65 | D:5      | Reached skill level 1 in Unarmed Combat
    65 | D:5      | Reached skill level 1 in Spellcasting
    65 | D:5      | Reached skill level 1 in Evocations
    65 | D:5      | Reached XP level 4. HP: 22/41 MP: 3/5
   262 | D:5      | Noticed an ice beast
   416 | D:6      | Reached skill level 1 in Conjurations
   416 | D:6      | Reached skill level 1 in Hexes
   416 | D:6      | Reached skill level 1 in Summonings
   416 | D:6      | Reached skill level 1 in Necromancy
   416 | D:6      | Reached skill level 1 in Translocations
   416 | D:6      | Reached skill level 1 in Transmutations
   416 | D:6      | Reached skill level 1 in Fire Magic
   416 | D:6      | Reached skill level 1 in Ice Magic
   416 | D:6      | Reached skill level 1 in Air Magic
   416 | D:6      | Reached skill level 1 in Earth Magic
   416 | D:6      | Reached skill level 1 in Poison Magic
   570 | D:6      | Reached XP level 5. HP: 9/47 MP: 5/7
   588 | D:6      | HP: 2/44 [something (1)]
   593 | D:6      | HP: 1/42 [something (1)]
   596 | D:6      | Slain by an orc wizard

Illustrated notes

Levels and vault maps discovered:
D:5:      layout_rooms, patterned_corridor
D:6:      layout_loops_corners, kennysheep_small_spiral

Skill      XL: |  1  2  3  4 |
---------------+-------------+-----
Stealth        | |  9.6
Invocations    | 1 |  1.5
Long Blades    | 1 |  1.4
Axes           | 1 |  1.4
Maces & Flails | 1 |  1.4
Polearms       | 1 |  1.4
Staves         | 1 |  1.4
Slings         | 1 |  1.4
Bows           | 1 |  1.4
Crossbows      | 1 |  1.4
Throwing       | 1 |  1.4
Armour         | 1 |  1.4
Shields        | 1 |  1.4
Unarmed Combat | 1 |  1.4
Spellcasting   | 1 |  1.4
Evocations     | 1 |  1.4
Conjurations   | 1 |  1.1
Hexes          | 1 |  1.1
Summonings     | 1 |  1.1
Necromancy     | 1 |  1.1
Translocations | 1 |  1.1
Transmutations | 1 |  1.1
Fire Magic     | 1 |  1.1
Ice Magic      | 1 |  1.1
Air Magic      | 1 |  1.1
Earth Magic    | 1 |  1.1
Poison Magic   | 1 |  1.1
Fighting       | |  6.6
Short Blades   | |  4.7
Dodging        | |  4.7

Action                   |  1- 3 |  4- 6 || total
-------------------------+-------+-------++-------
Melee: Short sword       |    12 |    60 ||    72
       Bite              |     1 |     8 ||     9
       Punch             |       |     1 ||     1
  Use: Potion            |       |     2 ||     2
       Scroll            |       |     2 ||     2
 Stab: Sleeping          |     1 |       ||     1
Armor: Leather armour    |     1 |     7 ||     8
Dodge: Dodged            |     4 |    31 ||    35
